 Dungeon Crawl Stone Soup version 0.17-a0-755-g4391640 (webtiles) character file.

9618 oplop the Zephyrmancer (level 11, -13/60 HPs)
             Began as a Tengu Air Elementalist on Apr 22, 2015.
             Was a Believer of Ashenzari.
             Killed from afar by Josephine (25 damage)
             ... with a ghostly fireball
             ... on level 10 of the Dungeon on Apr 23, 2015.
             The game lasted 00:44:47 (12337 turns).

oplop the Zephyrmancer (Tengu Air Elementalist)    Turns: 12337, Time: 00:44:47

Health: -13/60     AC:  9    Str:  8    XL:     11   Next: 49%
Magic:  13/20      EV: 17    Int: 19    God:    Ashenzari [**....]
Gold:   552        SH:  0    Dex: 15    Spells: 7 memorised, 3 levels left

rFire  . . .     SeeInvis .     a - +3 whip (elec)
rCold  + + .     Clarity  +     R - +1 robe {rC+} (curse)
rNeg   . . .     SustAb   .     (no shield)
rPois  +         Gourm    .     (helmet restricted)
rElec  .         Spirit   .     W - +0 cloak (curse)
rCorr  .         Warding  .     y - +0 pair of gloves (curse)
rMut   .         Stasis   .     (boots unavailable)
MR     .....                    (no amulet)
Stlth  ++........               u - ring of poison resistance (curse)
                                E - +3 ring of protection (curse)

@: repel missiles, invisible, not resistant to hostile enchantments, unstealthy
A: beak, talons 3, icy blue scales 1, clarity, cold resistance 1, frail 1,
poison resistance, able to fly 1
a: Fly, Scrying, Renounce Religion


You were on level 10 of the Dungeon.
You worshipped Ashenzari.
Ashenzari was pleased with you.
You were not hungry.

You visited 2 branches of the dungeon, and saw 11 of its levels.

You collected 552 gold pieces.

Inventory:

Hand weapons
 a - a +3 whip of electrocution (weapon)
 b - a +0 blowgun
 o - a +0 morningstar of electrocution
 B - a +2 dagger of venom
 O - a +2 whip of venom
 Z - a +2 rapier of electrocution
Missiles
 j - 2 curare-tipped needles
 k - 69 poisoned needles
Armour
 l - a +1 robe
 y - a cursed +0 pair of gloves (worn)
 R - a cursed +1 robe of cold resistance (worn)
 W - a cursed +0 cloak (worn)
Magical staves
 S - an uncursed staff of cold
Jewellery
 e - an uncursed ring of invisibility
 q - an uncursed ring of fire
 u - a cursed ring of poison resistance (right hand)
 E - a cursed +3 ring of protection (left hand)
 P - an uncursed amulet of faith
Magical devices
 D - a wand of cold (5)
 H - a wand of slowing (22)
 K - a wand of heal wounds (4)
 L - a wand of flame (23)
 N - a wand of teleportation (2)
Scrolls
 g - 3 scrolls of fear
 h - a scroll of amnesia
 i - 2 scrolls of enchant armour
 p - a scroll of immolation
 z - 3 scrolls of curse jewellery
 A - a scroll of curse weapon
 C - 4 scrolls of magic mapping
 I - 4 scrolls of remove curse
Potions
 d - a potion of berserk rage
 m - a potion of brilliance
 r - 3 potions of magic
 s - 4 potions of curing
 t - 2 potions of agility
 v - a potion of cancellation {unknown}
 w - a potion of ambrosia {unknown}
 G - 2 potions of flight
 M - a potion of mutation {unknown}
Books
 x - a book of Air

   Spells                             Type                      Level
   a - Shock                          Conjuration/Air              1
   b - Swiftness                      Charms/Air                   2
   c - Repel Missiles                 Charms/Air                   2
   d - Flight                         Charms/Air                   3
   e - Static Discharge               Conjuration/Air              3
   f - Lightning Bolt                 Conjuration/Air              5
 Q - a Young Poisoner's Handbook

   Spells                             Type                      Level
   a - Sting                          Conjuration/Poison           1
   b - Cure Poison                    Poison                       2
   c - Mephitic Cloud                 Conjuration/Poison/Air       3
   d - Olgreb's Toxic Radiance        Poison                       4
   e - Venom Bolt                     Conjuration/Poison           5
 U - a book of Cantrips

   Spells                             Type                      Level
   a - Corona                         Hexes                        1
   b - Animate Skeleton               Necromancy                   1
   c - Summon Small Mammal            Summoning                    1
   d - Apportation                    Translocation                1
Comestibles
 c - 5 bread rations
 J - 3 meat rations


   Skills:
 - Level 7.6 Fighting
 + Level 9.0 Maces & Flails
 + Level 8.5 Dodging
 - Level 2.0 Stealth
 + Level 5.4 Spellcasting
 - Level 9.2 Conjurations
 - Level 10.2 Air Magic


You had 3 spell levels left.
You knew the following spells:

 Your Spells              Type           Power        Failure   Level  Hunger
a - Shock                 Conj/Air       ####         1%          1    None
b - Static Discharge      Conj/Air       #####...     1%          3    ##.....
c - Repel Missiles        Chrm/Air       ###...       2%          2    None
d - Lightning Bolt        Conj/Air       #####.....   8%          5    #####..
e - Mephitic Cloud        Conj/Pois/Air  ####....     2%          3    ##.....
f - Apportation           Tloc           #.........   14%         1    None
s - Swiftness             Chrm/Air       ###.....     2%          2    None


Dungeon Overview and Level Annotations

Branches:
Dungeon (10/15)            Temple (1/1) D:4            Lair (0/8) D:10
    Orc: D:9-12

Altars:
Ashenzari
Cheibriados
Dithmenos
Elyvilon
Fedhas
Gozag
Kikubaaqudgha
Makhleb
Nemelex Xobeh
Okawaru
Qazlal
Ru
Sif Muna
Trog
Vehumet
Xom
Yredelemnul
Zin
The Shining One

Shops:
D:8 :

Annotations:
D:9 Viceroy's ghost, experienced OgHu
D:10 Josephine


Innate Abilities, Weirdness & Mutations

You have a beak for a mouth.
You have claws for feet.
You can fly.
You are partially covered in icy blue scales (AC +1).
You possess an exceptional clarity of mind.
Your flesh is cold resistant.
You are frail (-10% HP).
Your system is resistant to poisons.


Message History

* * * LOW HITPOINT WARNING * * *
Casting: Shock
Confirm with . or Enter, or press ? or * to list all spells.
Aiming: Mephitic Cloud
Press: ? - help, Shift-Dir - straight line, f - wraith
Aim: a wraith
Okay, then.
Unknown command.
Read which item? (? for menu, Esc to quit)
Okay, then.
Drink which item? (? for menu, Esc to quit)
Okay, then.
Press: ? - help, v - describe, . - travel
Here: Josephine, wielding a dagger and wearing a robe The floor.
Drink which item? (? for menu, Esc to quit)
You fade into invisibility!
Josephine points at you and mumbles some strange words.
The ghostly flame explodes!
The ghostly fireball engulfs you!
You die...

..........................#......
.........................# #.....
........................#####....
.........)..#........W...##..≈.≈.
...........###.......W....#.≈...≈
..........## ##..............≈_≈≈
.).........###.....W........≈≈≈≈≈
............#...)(....@..W...≈..≈
................@.......<........
...............)............W....
...............)...........§.....
.................................
.)........................@......
.................................
...........................b.....
#################################


You could see Josephine and 3 wraiths.

Vanquished Creatures
  Fannar (D:10)
  Erolcha (D:10)
  A hill giant (D:10)
  Maurice (D:9)
  The ghost of oplop the Gusty, an experienced TeAE (D:5)
  A troll (D:8)
  Grinder (D:6)
  A two-headed ogre (D:9)
  A deep elf mage (D:10)
  2 wraiths (D:9)
  3 yaks
  A hippogriff (D:7)
  Eustachio (D:4)
  A hungry ghost (D:7)
  3 wargs (D:10)
  5 orc warriors
  2 black bears
  2 ice beasts
  5 ogres
  3 phantoms
  3 sky beasts
  4 centaurs
  A crocodile (D:10)
  3 big kobolds (D:8)
  4 giant frogs
  3 scorpions
  A water moccasin skeleton (D:9)
  4 killer bees (D:8)
  A wyvern skeleton (D:6)
  10 wights
  3 hounds
  A jelly (D:10)
  A giant frog zombie (D:5)
  2 quasits
  8 crimson imps
  12 orc wizards
  7 orc priests
  A centaur zombie (D:5)
  4 iguanas
  3 worker ants
  2 sheep (D:8)
  A hound skeleton (D:6)
  A worker ant zombie (D:6)
  13 adders
  5 shadow imps
  4 oozes
  2 adder skeletons
  An adder zombie (D:9)
  3 worms
  2 giant geckos (D:1)
  57 orcs
  5 giant cockroaches
  2 gnoll zombies (D:9)
  10 goblins
  16 hobgoblins
  31 jackals
  6 quokkas
  A ball python (D:4)
  25 bats
  2 giant gecko skeletons
  4 giant newts
  23 kobolds
  A quokka zombie (D:3)
  15 rats
345 creatures vanquished.

Vanquished Creatures (collateral kills)
  2 killer bees (D:8)
2 creatures vanquished.

Vanquished Creatures (others)
  An orc priest (D:10)
  A bat skeleton (D:4)
  A quokka (D:4)
3 creatures vanquished.

Grand Total: 350 creatures vanquished

Notes
Turn   | Place    | Note
--------------------------------------------------------------
     0 | D:1      | oplop, the Tengu Air Elementalist, began the quest for the Orb.
     0 | D:1      | Reached XP level 1. HP: 10/10 MP: 4/4
   112 | D:1      | Reached XP level 2. HP: 12/15 MP: 6/6
   545 | D:1      | Reached XP level 3. HP: 13/19 MP: 0/7
  1292 | D:1      | Learned a level 2 spell: Swiftness
  1296 | D:1      | Learned a level 3 spell: Static Discharge
  1337 | D:2      | Reached XP level 4. HP: 16/24 MP: 4/9
  1464 | D:2      | Reached skill level 5 in Air Magic
  1520 | D:2      | Found a blossoming altar of Fedhas.
  1524 | D:2      | Found a bloodstained altar of Trog.
  2060 | D:3      | Gained mutation: You can fly. [Tengu growth]
  2060 | D:3      | Reached XP level 5. HP: 28/28 MP: 6/10
  2110 | D:3      | Found a shadowy altar of Dithmenos.
  2442 | D:3      | Learned a level 2 spell: Repel Missiles
  2714 | D:4      | Reached skill level 6 in Air Magic
  2762 | D:4      | Found a stormy altar of Qazlal.
  2776 | D:4      | Noticed Eustachio
  2776 | D:4      | Reached XP level 6. HP: 31/33 MP: 3/12
  2906 | D:4      | Killed Eustachio
  2906 | D:4      | Reached skill level 1 in Fighting
  3254 | D:4      | Reached skill level 5 in Conjurations
  3266 | D:4      | Reached XP level 7. HP: 35/39 MP: 13/13
  3432 | D:4      | Noticed an orc warrior
  3494 | D:4      | Found a staircase to the Ecumenical Temple.
  3509 | Temple   | Entered the Ecumenical Temple
  3685 | Temple   | Became a worshipper of Ashenzari the Shackled
  3876 | D:4      | Noticed a phantom
  3920 | D:4      | Killed a phantom
  3920 | D:4      | Reached skill level 7 in Air Magic
  3983 | D:4      | Noticed a phantom
  3992 | D:4      | Reached skill level 1 in Maces & Flails
  4002 | D:4      | Killed a phantom
  4316 | D:4      | Killed an orc warrior
  4316 | D:4      | Reached XP level 8. HP: 19/45 MP: 7/15
  4722 | D:5      | Entered Level 5 of the Dungeon
  5288 | D:5      | Noticed oplop's ghost (experienced TeAE)
  5393 | D:5      | Gained mutation: You are frail (-10% HP). [mutagenic meat]
  5394 | D:5      | Gained mutation: Your system is resistant to poisons. [mutagenic meat]
  5395 | D:5      | Gained mutation: You are partially covered in icy blue scales (AC +1). [mutagenic meat]
  5396 | D:5      | Gained mutation: You possess an exceptional clarity of mind. [mutagenic meat]
  5397 | D:5      | Gained mutation: Your flesh is cold resistant. [mutagenic meat]
  5501 | D:5      | Found a white marble altar of Elyvilon.
  5509 | D:5      | Learned a level 5 spell: Lightning Bolt
  5588 | D:5      | Killed oplop's ghost
  5634 | D:5      | Reached skill level 8 in Air Magic
  5831 | D:5      | Reached skill level 5 in Spellcasting
  6028 | D:5      | Found a radiant altar of Vehumet.
  6066 | D:5      | Reached XP level 9. HP: 43/46 MP: 9/17
  6267 | D:5      | Found a burning altar of Makhleb.
  6267 | D:5      | Found a shimmering altar of Xom.
  6755 | D:6      | Noticed Grinder
  6759 | D:6      | Killed Grinder
  6892 | D:6      | Reached skill level 5 in Fighting
  7491 | D:6      | Reached skill level 5 in Maces & Flails
  7616 | D:6      | Found a sacrificial altar of Ru.
  8258 | D:7      | Reached skill level 5 in Dodging
  8366 | D:7      | Reached XP level 10. HP: 48/54 MP: 15/18
  8375 | D:7      | Found a glowing silver altar of Zin.
  8462 | D:7      | Found a deep blue altar of Sif Muna.
  8892 | D:8      | Learned a level 3 spell: Mephitic Cloud
  9301 | D:8      | Noticed a three-headed hydra
  9662 | D:8      | Found Agrypod's Book Boutique.
  9894 | D:9      | Learned a level 1 spell: Apportation
 10077 | D:9      | Acquired Ashenzari's first power
 10149 | D:9      | Noticed Maurice
 10159 | D:9      | Killed Maurice
 10217 | D:9      | Noticed Viceroy's ghost (experienced OgHu)
 10723 | D:9      | Reached skill level 9 in Air Magic
 10944 | D:9      | Found a basalt altar of Yredelemnul.
 11014 | D:10     | Entered Level 10 of the Dungeon
 11014 | D:10     | Noticed Erolcha
 11186 | D:10     | Noticed Fannar
 11310 | D:10     | Killed Erolcha
 11310 | D:10     | Reached XP level 11. HP: 36/60 MP: 5/19
 11325 | D:10     | Killed Fannar
 11625 | D:10     | Found a staircase to the Lair.
 11626 | D:10     | Noticed a hill giant
 11706 | D:10     | Killed a hill giant
 11706 | D:10     | Reached skill level 10 in Air Magic
 11917 | D:10     | Noticed Josephine
 11924 | D:10     | Found a blossoming altar of Fedhas.
 12337 | D:10     | Killed from afar by Josephine

Action                   |  1- 3 |  4- 6 |  7- 9 | 10-12 || total
-------------------------+-------+-------+-------+-------++-------
Melee: Short sword       |    62 |     5 |       |       ||    67
       Unarmed           |     1 |       |       |       ||     1
       Dagger            |       |    43 |    15 |       ||    58
       Whip              |       |       |   195 |   243 ||   438
 Fire: Blowgun           |       |       |     4 |     1 ||     5
 Cast: Shock             |    42 |    97 |   171 |   113 ||   423
       Static Discharge  |       |     6 |    31 |    21 ||    58
       Repel Missiles    |       |     1 |     1 |       ||     2
       Mephitic Cloud    |       |       |       |    32 ||    32
       Lightning Bolt    |       |       |       |    14 ||    14
       Swiftness         |       |       |       |     1 ||     1
  Use: Potion            |     1 |     1 |     1 |     3 ||     6
       Scroll            |       |    10 |     7 |    13 ||    30
 Stab: Sleeping          |     1 |     2 |     3 |       ||     6
       Confused          |       |       |       |     3 ||     3
       Distracted        |       |       |       |     1 ||     1
  Eat: Chunk             |     2 |     4 |    10 |    13 ||    29
       Pizza             |       |     1 |       |       ||     1
       Fruit             |       |       |     3 |       ||     3
       Royal jelly       |       |       |     2 |       ||     2
       Bread ration      |       |       |     2 |       ||     2
       Meat ration       |       |       |       |     2 ||     2
